 Dungeon Crawl Stone Soup version 0.26-a0-228-g29f007ebfe (webtiles) character file.

Game seed: 4398187350356561166

1012 Flugkiller the Digger (level 8, 0/60 HPs)
             Began as a Black Draconian Earth Elementalist on July 7, 2020.
             Was an Initiate of Ashenzari.
             Killed themself with a badly aimed orb of electricity (10 damage)
             ... on level 7 of the Dungeon.
             The game lasted 00:25:39 (1594 turns).

Flugkiller the Digger (DrEE)                        Turns: 1594, Time: 00:25:39

Health: 0/60       AC: 10    Str: 10    XL:     8   Next: 1%
Magic:  6/12       EV: 12    Int: 18    God:    Ashenzari [......]
Gold:   178        SH:  0    Dex: 12    Spells: 4/13 levels left

rFire    . . .     SeeInvis .   y - +0 morningstar
rCold    . . .     Faith    .   (no shield)
rNeg     . . .     Spirit   .   (armour unavailable)
rPois    .         Reflect  .   (helmet restricted)
rElec    +         Harm     .   h - +0 cloak
rCorr    +                      (no gloves)
MR       .....                  o - +2 pair of boots
Stlth    ++........             g - amulet of magic regeneration (curse)
HPRegen  0.20/turn              A - ring of resist corrosion
MPRegen  0.38/turn              (no ring)

@: no status effects
A: breathe lightning, unfitting armour, electricity resistance, cold-blooded, AC
+6
a: Breathe Lightning, Curse Item, Renounce Religion


You were on level 7 of the Dungeon.
You worshipped Ashenzari.
Ashenzari was noncommittal.
You were not hungry.

You visited 1 branch of the dungeon, and saw 7 of its levels.

You collected 178 gold pieces.

Inventory:

Hand Weapons
 i - a +0 dagger
   (You took it off a kobold on level 2 of the Dungeon)
 j - a +2 flail of holy wrath
   (You took it off an orc on level 3 of the Dungeon)
 y - a +0 morningstar (weapon)
   (You found it on level 6 of the Dungeon)
Missiles
 a - 50 arrows
 b - 20 stones (quivered)
Armour
 h - a +0 cloak (worn)
   (You found it on level 1 of the Dungeon)
 o - a +2 pair of boots (worn)
   (You found it on level 4 of the Dungeon)
Jewellery
 g - a cursed amulet of magic regeneration (around neck)
   (You found it on level 1 of the Dungeon)
 A - a ring of resist corrosion (left hand)
   (You found it on level 6 of the Dungeon)
Wands
 f - a wand of flame (23)
   (You took it off a kobold on level 6 of the Dungeon)
 w - a wand of iceblast (6)
   (You found it on level 5 of the Dungeon)
Scrolls
 d - a scroll of immolation {unknown}
 l - a scroll of enchant weapon {unknown}
 p - a scroll of fear {unknown}
 q - a scroll of teleportation
 s - a scroll of blinking
 t - a scroll of fog
Potions
 k - 2 potions of brilliance
 m - a potion of magic
 n - a potion of haste {unknown}
 r - a potion of flight {unknown}
 u - a potion of curing {unknown}
 v - a potion of invisibility {unknown}
 x - 2 potions of might
 z - a potion of resistance {unknown}
 B - a potion of mutation {unknown}
Comestibles
 c - 4 rations


   Skills:
 - Level 1.6 Fighting
 - Level 2.4 Dodging
 - Level 1.7 Stealth
 - Level 3.0 Spellcasting
 + Level 2.9 Conjurations
 - Level 1.0 Transmutations
 + Level 3.5 Air Magic
 - Level 6.5 Earth Magic


You had 4 spell levels left.
You knew the following spells:

 Your Spells              Type           Power        Failure   Level
a - Sandblast             Erth           ####..       1%          1
b - Stone Arrow           Conj/Erth      ###...       7%          3
c - Static Discharge      Conj/Air       ##......     13%         3
w - Passwall              Tmut/Erth      ###.....     5%          2

Your spell library contained the following spells:

 Spells                   Type           Power        Failure   Level
 Petrify                  Tmut/Erth      ###.....     34%         4
 Lee's Rapid Deconstruct  Erth           ####......   30%         5
 Lightning Bolt           Conj/Air       ##........   75%         5
 Ignition                 Fire           #.........   100%        8
 Shatter                  Erth           ####......   100%        9
 Tornado                  Air            ###.......   100%        9


Dungeon Overview and Level Annotations

Branches:
Dungeon (7/15)
 Temple: D:4-7

Altars:
Ashenzari
Vehumet


Innate Abilities, Weirdness & Mutations

You can breathe wild blasts of lightning.
Your glossy black scales are hard. (AC +6)
You cannot fit into any form of body armour.
You are resistant to electric shocks. (rElec)
You are cold-blooded and may be slowed by cold attacks.


Message History

Evoke which item? (* to show all) (? for menu, Esc to quit)
Aiming: Iceblast
Press: ? - help, Shift-Dir - straight line, f - orc warrior
Aim: an orc warrior, wielding a +0 glaive and wearing a +0 chain mail The mass of ice explodes!
The iceblast engulfs the orc warrior.
The orc warrior is lightly wounded.
You hear a croak.
You hear a bark! x2; You hear a loud, deep croak!
You hear an angry hiss.
Evoke which item? (* to show all) (? for menu, Esc to quit)
Okay, then.
Unknown command.
Unknown command. 2 jackals come into view.
The jackal moves out of view. x2
Found an uncursed ring mail.
A jackal and a hound come into view.
Unknown command.
The hound barks!
The jackal closely misses you. The jackal misses you.
The jackal closely misses you. The hound bites you but does no damage.
Casting: Sandblast (safe; 1% risk of failure)
Confirm with . or Enter, or press ? or * to list all spells.
The jackal is struck by an arc of lightning.
The jackal is almost dead.
The lightning grounds out.
The jackal bites you.
* * * LOW HITPOINT WARNING * * *
The jackal barely misses you.
The orc warrior hits you from afar with a +0 glaive!!
* * * LOW HITPOINT WARNING * * *
The hound closely misses you.
Unknown command.
Casting: Static Discharge (dangerous; 13% risk of failure)
Confirm with . or Enter, or press ? or * to list all spells.
The hound is struck by an arc of lightning.
The hound is moderately wounded.
The jackal is struck by an arc of lightning.
You kill the jackal!
The jackal is struck by an arc of lightning.
The jackal is almost dead.
The lightning grounds out.
The jackal misses you. The jackal closely misses you. The hound misses you.
The orc warrior misses you.
The jackal bites you but does no damage.
The jackal misses you. The hound closely misses you.
You breathe a wild blast of lightning!
The orb of electricity explodes!
The orb of electricity engulfs the jackal!!
You kill the jackal!
The orb of electricity engulfs you! You resist.
You die...

.o..........
........... ##
..#......# #.
#.#....... #.
#<..F....# #.
##...../.. #.
##......##
######h###.......#
......†@#o.......#
......h†#.##.....#
........o.#
......#
...[...(###
.....?. ........#
##..... .....>..#
..... #########
...


You could see an orc warrior, a hound and a jackal.

Vanquished Creatures
  Menkaure (D:4)
  An ice beast (D:6)
  A necrophage (D:5)
  2 ogres (D:4)
  A centaur (D:6)
  A bullfrog (D:6)
  An orc priest (D:5)
  A bullfrog skeleton (D:4)
  A worker ant (D:6)
  3 orc wizards (D:5)
  2 hound zombies
  A hound skeleton (D:4)
  A howler monkey zombie (D:6)
  7 gnolls (D:4)
  A howler monkey skeleton (D:4)
  3 adders
  2 ufetubi (D:6)
  An adder zombie (D:6)
  3 worms
  3 dart slugs
  11 orcs
  2 goblins
  6 jackals
  5 kobolds
  2 quokkas
  2 bats
  3 frilled lizards
  2 rats
70 creatures vanquished.

Notes
Turn   | Place    | Note
-------+----------+-------------------------------------------
     0 | D:1      | Flugkiller the Draconian Earth Elementalist began the quest
                  | for the Orb.
     0 | D:1      | Reached XP level 1. HP: 14/14 MP: 3/3
   149 | D:2      | Reached XP level 2. HP: 15/20 MP: 3/5
   154 | D:2      | Learned a level 2 spell: Passwall
   406 | D:3      | Reached XP level 3. HP: 18/26 MP: 7/7
   411 | D:3      | Learned a level 3 spell: Stone Arrow
   528 | D:4      | Noticed Menkaure
   549 | D:4      | Killed Menkaure
   549 | D:4      | Reached skill level 5 in Earth Magic
   549 | D:4      | Reached XP level 4. HP: 5/33 MP: 4/8
   549 | D:4      | Reached XP level 5. HP: 6/38 MP: 4/9
   785 | D:4      | Reached skill level 6 in Earth Magic
   793 | D:4      | HP: 1/38 [gnoll/+0 spear (6)]
   876 | D:4      | Reached XP level 6. HP: 13/45 MP: 7/10
   908 | D:4      | Reached skill level 7 in Earth Magic
   959 | D:5      | Entered Level 5 of the Dungeon
   978 | D:5      | Your scales start taking on a glossy black colour.
   978 | D:5      | Reduced skill Earth Magic to level 6
   978 | D:5      | Reached XP level 7. HP: 26/50 MP: 8/11
   978 | D:5      | Gained mutation: You are resistant to electric shocks.
                  | (rElec) [Black Draconian growth]
  1068 | D:5      | Reached skill level 1 in Fighting
  1114 | D:5      | Learned a level 3 spell: Static Discharge
  1179 | D:5      | Found a shattered altar of Ashenzari.
  1185 | D:5      | Became a worshipper of Ashenzari the Shackled
  1290 | D:6      | Reached skill level 1 in Conjurations
  1290 | D:6      | Reached skill level 1 in Air Magic
  1326 | D:6      | Found a radiant altar of Vehumet.
  1585 | D:7      | Reached XP level 8. HP: 29/60 MP: 10/12
  1594 | D:7      | Killed themself with a badly aimed orb of electricity

Illustrated notes

Levels and vault maps discovered:
D:1:      wheals_arrival_shading, layout_basic
D:2:      layout_basic, nicolae_overflow_hidden_temple,
          chequers_ecumenical_altar_grove, minmay_goblin_kobold_house,
          uniq_terence
D:3:      layout_basic, first_ration
D:4:      layout_basic, uniq_menkaure
D:5:      layout_basic, cheibrodos_ashenzari_chains
D:6:      layout_rooms, minmay_temple_entry_fiery, vehumet_altar_wand_db
D:7:      layout_rooms, grunt_livestock, uniq_joseph

Skill      XL: |  1  2  3  4  5  6  7 |
---------------+----------------------+-----
Spellcasting   | 3 |  3.0
Earth Magic    | 5 6 6 |  6.5
Dodging        | 2 |  2.4
Fighting       | 1 |  1.6
Conjurations   | 2 |  2.9
Air Magic      | 3 |  3.5
Stealth        | |  1.7
Transmutations | |  1.0

Action                   |  1- 3 |  4- 6 |  7- 9 || total
-------------------------+-------+-------+-------++-------
Melee: Unarmed           |    15 |       |       ||    15
       Dagger            |    34 |       |       ||    34
       Tailslap          |     4 |     2 |     3 ||     9
       Flail             |    16 |    16 |    24 ||    56
       Morningstar       |       |       |     8 ||     8
 Cast: Sandblast         |    36 |    38 |    31 ||   105
       Passwall          |     5 |     5 |     7 ||    17
       Stone Arrow       |       |     2 |     9 ||    11
       Static Discharge  |       |       |     3 ||     3
Invok: Curse Item        |       |       |     1 ||     1
 Abil: Breathe Lightning |       |       |     2 ||     2
Evoke: Wand              |       |       |     1 ||     1
  Use: Scroll            |     2 |     1 |     5 ||     8
 Stab: Sleeping          |     1 |       |       ||     1
  Eat: Ration            |       |       |     1 ||     1
Armor: Skin              |    26 |    19 |    38 ||    83
Dodge: Dodged            |    60 |    32 |    77 ||   169

Table legend:
 A = Non-vault XP
 B = Vault XP
 C = Vault XP percentage of total XP
 D = Non-vault monster count
 E = Vault monster count
 F = Vault count percentage of total count
                 A         B        C        D         E       F
            +---------+---------+-------+---------+---------+-------
      Total |    1262 |     185 |  12.8 |      68 |       2 |   2.9
            +---------+---------+-------+---------+---------+-------
        D:1 |       6 |       0 |   0.0 |       2 |       0 |   0.0
        D:2 |      11 |       0 |   0.0 |       6 |       0 |   0.0
        D:3 |      60 |       0 |   0.0 |      14 |       0 |   0.0
        D:4 |     424 |     183 |  30.1 |      21 |       1 |   4.5
        D:5 |     280 |       0 |   0.0 |       6 |       0 |   0.0
        D:6 |     457 |       2 |   0.4 |      16 |       1 |   5.9
        D:7 |      24 |       0 |   0.0 |       3 |       0 |   0.0
            +---------+---------+-------+---------+---------+-------
